[Event "Titled Tuesday Blitz March 01 Late 2022"]
[White "Celestino, Rafael Teixeira"]
[Black "Gatterer, Florian"]
[WhiteFideId "2108925"]
[BlackFideId "811688"]
[WhiteElo "2274"]
[BlackElo "2218"]
[Result "0-1"]
[Round "11"]
[TimeControl "180+1"]
[Date "2022.03.02"]
[WhiteClock "0:00:09"]
[BlackClock "0:00:09"]

1. e4 e5 2. Nf3 Nc6 3. Bc4 Bc5 4. b4 Bxb4 5. c3 Be7 6. d4 exd4 7. cxd4 Na5 8. Bd3 Nf6 9. O-O d5 10. e5 Ne4 11. Qe1 Nc6 12. Bxe4 dxe4 13. Qxe4 Be6 14. Nc3 Bb4 15. Ne2 Qd5 16. Qh4 Be7 17. Qg3 O-O-O 18. Nf4 Qe4 19. Nxe6 fxe6 20. Be3 g5 21. Rfe1 Qf5 22. Rac1 h5 23. Nxg5 Bxg5 24. Qxg5 Qxg5 25. Bxg5 Rxd4 26. Bf6 Rg8 27. h4 a5 28. Rc2 Rgg4 29. g3 Rc4 30. Rec1 Rxc2 31. Rxc2 Rd4 32. Kg2 Nb4 33. Rb2 c5 34. a3 Nd5 35. Bg5 c4 36. Kf3 c3 37. Rc2 Rc4 38. Ke2 b5 39. f3 b4 40. axb4 axb4 41. g4 hxg4 42. fxg4 b3 43. Kd3 Rxg4 44. Rc1 b2 45. Rf1 Rg3+ 46. Kc2 Kd7 47. Rd1 Kc6 48. Bc1 bxc1=Q+ 49. Kxc1 Kc5 50. h5 Rh3 51. Rg1 Kc4 52. Re1 Nb4 53. Kd1 Nd3 54. Rg1 Kb3 55. Rf1 c2+ 56. Kd2 Rh2+ 57. Kxd3 Kb2 58. Kd4 Rxh5 59. Kc5 Rxe5+ 60. Kd6 Re2 61. Rg1 c1=Q 62. Rxc1 Kxc1 63. Kc5 Kd2 64. Kd4 e5+ 65. Kc4 e4 66. Kd5 e3 67. Kd4 Rf2 68. Ke4 e2 69. Kd4 e1=Q 70. Kc4 Qe4+ 71. Kc5 Rf5+ 72. Kd6 Qe5+ 73. Kd7 Rf7+ 74. Kd8 Qc7+ 75. Ke8 Qd7# 0-1


[Site "https://www.chess.com"]

[Event "Titled Tuesday Blitz March 01 Late 2022"]
[White "Clawitter, Craig"]
[Black "Papayan, Oleg"]
[WhiteFideId "2023105"]
[BlackFideId "4193911"]
[WhiteElo "2228"]
[BlackElo "2038"]
[Result "1-0"]
[Round "11"]
[TimeControl "180+1"]
[Date "2022.03.02"]
[WhiteClock "0:00:09"]
[BlackClock "0:00:01"]

1. e4 e5 2. Nf3 Nc6 3. Bb5 Nf6 4. d3 Bc5 5. Bxc6 dxc6 6. Nbd2 Qe7 7. O-O Bg4 8. Nc4 O-O-O 9. Qe2 Nd7 10. Be3 f6 11. a3 Nb6 12. Bxc5 Qxc5 13. Ne3 Bh5 14. Rfb1 g5 15. b4 Qe7 16. a4 g4 17. Nh4 Rdg8 18. a5 Nd7 19. a6 b6 20. b5 cxb5 21. Rxb5 Be8 22. Rb3 h5 23. Rc3 Nc5 24. Rd1 Bb5 25. Nef5 Qd7 26. Qe3 Nxa6 27. d4 Rd8 28. d5 Nc5 29. Rxc5 bxc5 30. Qxc5 a6 31. Qa7 Qe8 32. d6 cxd6 33. Nxd6+ Rxd6 34. Rxd6 1-0


[Site "https://www.chess.com"]

[Event "Titled Tuesday Blitz March 01 Late 2022"]
[White "Curtis, John"]
[Black "Jakubowska, Anna"]
[WhiteFideId "3200256"]
[BlackFideId "1121952"]
[WhiteElo "2203"]
[BlackElo "1924"]
[Result "0-1"]
[Round "11"]
[TimeControl "180+1"]
[Date "2022.03.02"]
[WhiteClock "0:00:01"]
[BlackClock "0:01:42"]

1. e4 Nf6 2. Nc3 d5 3. exd5 Nxd5 4. Nxd5 Qxd5 5. d4 Nc6 6. Nf3 Bg4 7. Be2 O-O-O 8. c3 e5 9. dxe5 Bxf3 10. Bxf3 Qxe5+ 11. Qe2 Bd6 12. Bxc6 bxc6 13. Qxe5 Bxe5 14. Ke2 Rhe8 15. Be3 f5 16. g3 g5 17. Kf3 f4 18. gxf4 gxf4 19. Bxa7 Rd3+ 20. Kg4 Bd6 21. Rad1 Rg8+ 22. Kf5 Rh3 23. Rd2 Kb7 24. Bd4 c5 25. Bf6 Rf8 26. Kg4 Rh6 27. Bg5 Rg6 28. h4 h6 29. Kh5 Re6 30. b4 hxg5 31. Kg4 gxh4 0-1


[Site "https://www.chess.com"]

[Event "Titled Tuesday Blitz March 01 Late 2022"]
[White "Derraugh, Geordie"]
[Black "Sadilek, Peter"]
[WhiteFideId "2603950"]
[BlackFideId "1616439"]
[WhiteElo "2116"]
[BlackElo "2145"]
[Result "0-1"]
[Round "11"]
[TimeControl "180+1"]
[Date "2022.03.02"]
[WhiteClock "0:00:01"]
[BlackClock "0:00:27"]

1. e4 c5 2. Nf3 g6 3. d4 cxd4 4. Nxd4 Nc6 5. Nb3 Bg7 6. Nc3 Bxc3+ 7. bxc3 Nf6 8. Bd3 d5 9. O-O dxe4 10. Bc4 O-O 11. Bh6 Re8 12. Qe2 Ne5 13. Rad1 Qc7 14. Bb5 Nfg4 15. Bf4 Rf8 16. Qxe4 Bf5 17. Qe2 a6 18. h3 axb5 19. hxg4 Bxg4 20. Qxg4 Nxg4 21. Bxc7 Rxa2 22. Nd4 Rc8 23. Nxb5 Rxc2 24. Rd7 Nf6 25. Rxe7 Nd5 26. Rd7 Nxc7 27. Rxc7 Rxc7 28. Nxc7 Rxc3 29. Nd5 Rc5 30. Ne3 f5 31. Rb1 b5 32. Kf1 Kf7 33. Ke2 f4 34. Ng4 h5 35. Nh2 Kf6 36. Kd3 g5 37. Nf3 Rd5+ 38. Ke4 Rc5 39. Nd4 Re5+ 40. Kd3 g4 41. Rxb5 Rxb5 42. Nxb5 h4 43. Ke4 f3 44. gxf3 h3 45. fxg4 h2 46. f3 h1=Q 47. Nd4 Qe1+ 48. Kd3 Ke5 49. Ne2 Qd1+ 50. Ke3 Qb3+ 51. Kf2 Qd3 52. Ng3 Qd2+ 53. Ne2 Qd3 54. Ng3 Qd4+ 55. Ke2 Kf4 56. Nh5+ Kg5 57. Ng3 Qc4+ 58. Kf2 Qc5+ 59. Ke2 Kf4 60. Nh5+ Kg5 61. Ng3 Kh4 62. Ne4 Qd4 63. Nf2 Kg3 64. Ne4+ Kf4 65. Nf2 Qe3+ 66. Kf1 Kxf3 67. Nh3 Qe2+ 68. Kg1 Qg2# 0-1


[Site "https://www.chess.com"]

[Event "Titled Tuesday Blitz March 01 Late 2022"]
[White "Dobre, Claudiu-Cristian"]
[Black "Mikhalsky, Vladimir"]
[WhiteFideId "1211854"]
[BlackFideId "14144352"]
[WhiteElo "2207"]
[BlackElo "2248"]
[Result "0-1"]
[Round "11"]
[TimeControl "180+1"]
[Date "2022.03.02"]
[WhiteClock "0:00:01"]
[BlackClock "0:00:09"]

1. c4 c5 2. Nf3 Nf6 3. Nc3 d5 4. cxd5 Nxd5 5. g3 Nc6 6. Bg2 Nc7 7. d3 e5 8. Nd2 Bd7 9. Nc4 f6 10. f4 exf4 11. Bxf4 Be6 12. Bxc6+ bxc6 13. Qa4 Qd7 14. O-O-O Be7 15. Bxc7 Qxc7 16. Kb1 O-O 17. Rc1 Rab8 18. Ne4 Rb5 19. Ka1 Rfb8 20. Qc2 f5 21. Nc3 Bxc4 22. dxc4 Rxb2 23. Qxb2 Rxb2 24. Kxb2 Qb6+ 25. Kc2 Bf6 26. Rb1 Qa6 27. Kd3 Bxc3 28. Kxc3 Qa5+ 29. Kd3 Qxa2 30. Rhc1 Qa3+ 31. Rc3 Qa2 32. Rcb3 h6 33. h4 a5 34. R3b2 Qa3+ 35. Rb3 Qa4 36. h5 Kf7 37. Rb7+ Kf6 38. Rd7 Qa3+ 39. Kc2 Qxg3 40. Rbb7 Ke5 41. Rxg7 Qf2 42. Rbe7+ Kd4 43. Kb3 a4+ 44. Kxa4 Kxc4 45. Ka3 Qe1 46. Kb2 Qd2+ 47. Kb1 Kc3 48. Rg3+ Kb4 49. Rd3 Qe1+ 50. Kc2 c4 51. Rb7+ Kc5 52. Re3 Qf2 53. Re5+ Kd4 54. Rbe7 Qe1 55. Re3 f4 56. Rf3 Qb4 57. Rxf4+ Kd5 58. Rf5+ Kd6 59. Re3 Qa4+ 60. Kd2 Qa2+ 61. Kc3 Qa1+ 62. Kxc4 Qc1+ 63. Kd3 Qb1+ 64. Kd2 Qxf5 65. Rf3 Qg5+ 66. Re3 Kc7 67. Kd3 c5 68. Re4 Kc6 69. Re6+ Kd5 0-1


[Site "https://www.chess.com"]

[Event "Titled Tuesday Blitz March 01 Late 2022"]
[White "Donatti, Alvaro"]
[Black "Vine, Elzbieta"]
[WhiteFideId "3000303"]
[BlackFideId "1119320"]
[WhiteElo "2138"]
[BlackElo "1828"]
[Result "1-0"]
[Round "11"]
[TimeControl "180+1"]
[Date "2022.03.02"]
[WhiteClock "0:02:00"]
[BlackClock "0:01:27"]

1. e4 c5 2. Nf3 d6 3. c3 Nf6 4. Bc4 Nxe4 5. Qa4+ Bd7 6. Bxf7+ Kxf7 7. Qxe4 Bc6 8. Ng5+ Ke8 9. Qe6 Na6 10. Nf7 Qb6 11. Nxh8 Nc7 12. Qg4 Bd7 13. Qh5+ g6 14. Qxh7 Bf5 15. Qf7+ Kd7 16. Nxg6 1-0


[Site "https://www.chess.com"]

[Event "Titled Tuesday Blitz March 01 Late 2022"]
[White "Dourerassou, Jonathan"]
[Black "Domingo Nunez, Alejandro"]
[WhiteFideId "628050"]
[BlackFideId "22245561"]
[WhiteElo "2513"]
[BlackElo "2215"]
[Result "1-0"]
[Round "11"]
[TimeControl "180+1"]
[Date "2022.03.01"]
[WhiteClock "0:01:30"]
[BlackClock "0:00:35"]

1. e4 c6 2. Nc3 g6 3. h4 h5 4. Bc4 Bg7 5. Qf3 e6 6. d3 d5 7. Bb3 Nd7 8. Nh3 Ne5 9. Qg3 Nh6 10. Bg5 Qa5 11. Bd2 Qd8 12. O-O-O a5 13. a3 Neg4 14. f3 d4 15. Ne2 Ne3 16. Rde1 c5 17. Nef4 O-O 18. Rxe3 dxe3 19. Bxe3 a4 20. Ba2 Qb6 21. c3 Rd8 22. Nxh5 Bxc3 23. bxc3 Rxd3 24. Qe5 1-0


[Site "https://www.chess.com"]

[Event "Titled Tuesday Blitz March 01 Late 2022"]
[White "Dubov, Daniil"]
[Black "Demidov, Mikhail"]
[WhiteFideId "24126055"]
[BlackFideId "4197143"]
[WhiteElo "2791"]
[BlackElo "2525"]
[Result "1-0"]
[Round "11"]
[TimeControl "180+1"]
[Date "2022.03.01"]
[WhiteClock "0:01:15"]
[BlackClock "0:00:42"]

1. d4 e6 2. e4 d5 3. Nc3 Be7 4. Nf3 Nf6 5. e5 Nfd7 6. Ne2 c5 7. c3 Nc6 8. h4 O-O 9. Nf4 cxd4 10. cxd4 Bb4+ 11. Bd2 Qa5 12. Bd3 Bxd2+ 13. Qxd2 Qxd2+ 14. Kxd2 Nb6 15. b3 Bd7 16. Rac1 a5 17. a4 Nb4 18. Bb1 Rfc8 19. h5 h6 20. g4 Rxc1 21. Rxc1 Rc8 22. Rg1 f6 23. Re1 Rc6 24. Ng6 Kf7 25. Nfh4 Rc8 26. f4 Nc6 27. Nf3 Na8 28. exf6 gxf6 29. g5 hxg5 30. fxg5 fxg5 31. h6 g4 32. Ng5+ Kf6 33. Nh7+ Kf7 34. Rf1+ Ke8 35. Rf8# 1-0


[Site "https://www.chess.com"]

[Event "Titled Tuesday Blitz March 01 Late 2022"]
[White "Erdogdu, Mert"]
[Black "Aukhatov, Roman"]
[WhiteFideId "6301495"]
[BlackFideId "44150768"]
[WhiteElo "2485"]
[BlackElo "2112"]
[Result "0-1"]
[Round "11"]
[TimeControl "180+1"]
[Date "2022.03.01"]
[WhiteClock "0:00:13"]
[BlackClock "0:00:10"]

1. e4 c5 2. Nf3 Nf6 3. e5 Nd5 4. Nc3 e6 5. Nxd5 exd5 6. d4 Nc6 7. dxc5 Bxc5 8. Qxd5 Qb6 9. Bc4 Bxf2+ 10. Ke2 O-O 11. Rf1 Bc5 12. Ng5 Nd4+ 13. Kd1 Ne6 14. Qe4 Nxg5 15. Bxg5 d5 16. exd6 Qxd6+ 17. Bd3 f5 18. Qh4 Be6 19. a3 Rac8 20. Re1 Bf7 21. Be7 Qb6 22. Bxc5 Qxc5 23. Qb4 Qd5 24. Qd2 Rfd8 25. a4 Qd4 26. Rb1 Bh5+ 27. Kc1 Qxd3 28. Qxd3 Rxd3 29. b4 Rdc3 30. Rb2 f4 31. Re7 Bg6 32. Rxb7 Bxc2 33. Kd2 Be4 34. Rxa7 Rd3+ 35. Ke2 Re3+ 36. Kf2 Rec3 37. Rd7 Rc2+ 38. Rd2 Rxd2+ 39. Rxd2 Rc4 40. Rb2 Kf7 41. a5 Bb7 42. b5 Ra4 43. a6 Ba8 44. b6 Rxa6 45. b7 Bxb7 46. Rxb7+ Kf6 47. Kf3 g5 48. Kg4 Ra2 49. Rxh7 Kg6 50. Kf3 Rb2 51. h4 Kxh7 52. hxg5 Kg7 53. Kxf4 Kg6 54. g4 Rc2 55. Kg3 Rb2 56. Kh4 Ra2 57. Kg3 Ra4 58. Kh4 Ra5 59. Kg3 Rxg5 60. Kh4 Kf6 61. Kg3 Ke5 62. Kh4 Kf4 63. Kh3 Rxg4 64. Kh2 Kf3 65. Kh3 Rf4 66. Kh2 Kf2 67. Kh3 Re4 0-1


[Site "https://www.chess.com"]

[Event "Titled Tuesday Blitz March 01 Late 2022"]
[White "Ezat, Mohamed"]
[Black "Mekhitarian, Krikor Sevag"]
[WhiteFideId "10600906"]
[BlackFideId "2107660"]
[WhiteElo "2386"]
[BlackElo "2598"]
[Result "0-1"]
[Round "11"]
[TimeControl "180+1"]
[Date "2022.03.01"]
[WhiteClock "0:00:10"]
[BlackClock "0:00:05"]

1. d4 Nf6 2. c4 g6 3. Nc3 d5 4. Bg5 Bg7 5. Bxf6 Bxf6 6. cxd5 c6 7. e3 cxd5 8. h4 O-O 9. h5 Nc6 10. hxg6 hxg6 11. Qf3 e5 12. O-O-O exd4 13. Nxd5 Bg7 14. e4 Be6 15. Kb1 Rc8 16. Ne2 Ne5 17. Qb3 Bxd5 18. exd5 d3 19. Nf4 Nc4 20. Nxd3 Qg5 21. Ka1 Nxb2 22. f4 Nxd1+ 23. Kb1 Qf5 24. Qxd1 Qxd5 25. Qb3 Qd4 26. Qb2 Qe3 27. Qf2 Rc1+ 28. Nxc1 Qxf2 29. Nd3 Qd2 30. Rh3 Rc8 31. Rf3 Qc2# 0-1


[Site "https://www.chess.com"]

[Event "Titled Tuesday Blitz March 01 Late 2022"]
[White "Fishbein, Alexander"]
[Black "Vusatiuk, Vladimir"]
[WhiteFideId "2000377"]
[BlackFideId "14118610"]
[WhiteElo "2442"]
[BlackElo "2157"]
[Result "1-0"]
[Round "11"]
[TimeControl "180+1"]
[Date "2022.03.01"]
[WhiteClock "0:00:06"]
[BlackClock "0:00:01"]

1. e4 Nc6 2. Nf3 f6 3. d4 d5 4. exd5 Qxd5 5. Nc3 Qf7 6. d5 Nd8 7. Nb5 e5 8. dxe6 Nxe6 9. Bc4 a6 10. Nbd4 c5 11. Nf5 g6 12. Nd6+ Bxd6 13. Qxd6 Qe7 14. Qxe7+ Nxe7 15. O-O b5 16. Bd3 Bb7 17. Re1 Kf7 18. Be3 c4 19. Be2 Nf5 20. b3 Nxe3 21. fxe3 cxb3 22. axb3 Rac8 23. c4 b4 24. Nd4 Nc5 25. Bf3 Bxf3 26. gxf3 Rhd8 27. Kg2 f5 28. Red1 f4 29. e4 Rc7 30. Nc2 Rxd1 31. Rxd1 a5 32. Nd4 Rd7 33. Kf2 Nxb3 34. Nxb3 Rxd1 35. Nxa5 Rd2+ 36. Ke1 Rxh2 37. c5 Rc2 38. c6 h5 39. Kd1 Rc5 40. Nb7 Rxc6 41. Nd8+ Kf6 42. Nxc6 h4 43. Nxb4 h3 44. Nd3 Kg5 45. Ke2 Kh4 46. Kf2 g5 47. Ne5 Kh5 48. Ng4 Kg6 49. Kg1 Kh5 50. Kh2 Kh4 51. Nf2 1-0


[Site "https://www.chess.com"]

[Event "Titled Tuesday Blitz March 01 Late 2022"]
[White "Gareyev, Timur"]
[Black "Bortnyk, Olexandr"]
[WhiteFideId "14200937"]
[BlackFideId "14120828"]
[WhiteElo "2586"]
[BlackElo "2723"]
[Result "1-0"]
[Round "11"]
[TimeControl "180+1"]
[Date "2022.03.01"]
[WhiteClock "0:00:36"]
[BlackClock "0:00:01"]

1. d4 d6 2. Nf3 Nf6 3. c4 g6 4. Nc3 Bf5 5. Ng5 Bg7 6. e4 Bd7 7. f4 O-O 8. Be2 e5 9. fxe5 dxe5 10. d5 Ne8 11. c5 b6 12. c6 Bc8 13. b4 a5 14. b5 a4 15. O-O Nd6 16. Nf3 a3 17. Qb3 f5 18. Bxa3 fxe4 19. Nd2 Bf5 20. Bxd6 cxd6 21. Ncxe4 Bh6 22. Bf3 Qe7 23. a4 Rd8 24. Nc4 Qc7 25. a5 bxa5 26. b6 Qf7 27. c7 Rf8 28. Nexd6 Qe7 29. b7 Na6 30. bxa8=Q Rxa8 31. Nxf5 Qc5+ 32. Nfe3 Nxc7 33. d6 a4 34. Qa2 e4 35. Bxe4 Ne6 36. Bxa8 Bxe3+ 37. Nxe3 Qxe3+ 38. Kh1 Kg7 39. d7 Nf4 40. d8=N 1-0


[Site "https://www.chess.com"]

[Event "Titled Tuesday Blitz March 01 Late 2022"]
[White "Golubev, Mikhail"]
[Black "Weetik, Vjacheslav"]
[WhiteFideId "14100983"]
[BlackFideId "4153472"]
[WhiteElo "2374"]
[BlackElo "2469"]
[Result "1/2-1/2"]
[Round "11"]
[TimeControl "180+1"]
[Date "2022.03.01"]
[WhiteClock "0:01:47"]
[BlackClock "0:02:47"]

1. e4 c6 2. d4 d5 3. Nc3 dxe4 4. Nxe4 Nf6 5. Ng3 c5 6. Nf3 Nc6 7. Be3 cxd4 8. Nxd4 Bd7 9. Bb5 Qc7 10. O-O g6 11. Nxc6 Bxc6 12. Bxc6+ Qxc6 13. Bd4 1/2-1/2


[Site "https://www.chess.com"]

[Event "Titled Tuesday Blitz March 01 Late 2022"]
[White "Harvey, Marcus R"]
[Black "Goryachkina, Aleksandra"]
[WhiteFideId "400092"]
[BlackFideId "4147103"]
[WhiteElo "2485"]
[BlackElo "2426"]
[Result "1-0"]
[Round "11"]
[TimeControl "180+1"]
[Date "2022.03.01"]
[WhiteClock "0:01:47"]
[BlackClock "0:00:22"]

1. c4 e6 2. Nf3 d5 3. e3 Nf6 4. b3 c6 5. Bb2 Bd6 6. Nc3 O-O 7. Be2 e5 8. cxd5 cxd5 9. Nb5 Nc6 10. Nxd6 Qxd6 11. O-O Bg4 12. d4 e4 13. Ne5 Bxe2 14. Qxe2 Rfc8 15. Rfc1 Nd8 16. a4 Ne6 17. h3 Ne8 18. Qb5 b6 19. Rxc8 Rxc8 20. Ba3 a6 21. Qxe8+ 1-0


[Site "https://www.chess.com"]

[Event "Titled Tuesday Blitz March 01 Late 2022"]
[White "Hjartarson, Johann"]
[Black "Chernomordik, Pavel"]
[WhiteFideId "2300044"]
[BlackFideId "2804530"]
[WhiteElo "2484"]
[BlackElo "2249"]
[Result "1/2-1/2"]
[Round "11"]
[TimeControl "180+1"]
[Date "2022.03.01"]
[WhiteClock "0:00:34"]
[BlackClock "0:00:22"]

1. e4 g6 2. d4 Bg7 3. Nc3 d6 4. f4 a6 5. Nf3 b5 6. Bd3 Nd7 7. a4 b4 8. Ne2 c5 9. c3 bxc3 10. bxc3 Qc7 11. O-O Bb7 12. Kh1 Ngf6 13. Ng3 O-O 14. Qe2 e6 15. a5 c4 16. Bc2 e5 17. fxe5 dxe5 18. d5 Rfe8 19. Nd2 Rac8 20. Ra4 Nc5 21. Rb4 Qxa5 22. Nxc4 Qc7 23. Qf3 a5 24. d6 Qd8 25. Rb1 Ba6 26. Qe2 Nb7 27. Bd3 Bxc4 28. Bxc4 Nxd6 29. Ba2 Rxc3 30. Bg5 h6 1/2-1/2


[Site "https://www.chess.com"]

[Event "Titled Tuesday Blitz March 01 Late 2022"]
[White "Hoffmann, Asa"]
[Black "Petrovic, Aleksa"]
[WhiteFideId "2001470"]
[BlackFideId "967629"]
[WhiteElo "2117"]
[BlackElo "2139"]
[Result "0-1"]
[Round "11"]
[TimeControl "180+1"]
[Date "2022.03.02"]
[WhiteClock "0:00:01"]
[BlackClock "0:00:04"]

1. d4 Nf6 2. Bg5 e6 3. Nd2 h6 4. Bh4 c5 5. e3 b6 6. Ngf3 Bb7 7. Bd3 Be7 8. c3 O-O 9. O-O d6 10. Qe2 Nbd7 11. a4 a6 12. Rfe1 Re8 13. h3 Rc8 14. Bxa6 Qc7 15. Bg3 Ra8 16. Bb5 Bc6 17. Nc4 Ne4 18. Bh2 Ra7 19. Nfd2 Nxd2 20. Qxd2 Rea8 21. dxc5 Bxb5 22. cxd6 Qxc4 23. dxe7 Qc8 24. b3 Nc5 25. Qd6 Be8 26. Qxb6 Rb7 27. Qd6 Nxb3 28. Ra3 Na5 29. Raa1 Nc4 30. Qd4 Rxe7 31. Reb1 Na5 32. e4 Nc6 33. Qd6 Rd7 34. Qc5 Rb7 35. a5 Rxb1+ 36. Rxb1 Rxa5 37. Qb6 Ra8 38. Bd6 Qd7 39. e5 f6 40. f4 f5 41. c4 Nd8 42. c5 Nf7 43. Qc7 Qxc7 44. Bxc7 Bc6 45. Rb6 Bd5 46. Bd6 Ra1+ 47. Kf2 Ra2+ 48. Ke3 Rxg2 49. c6 Rg3+ 50. Kd4 Rf3 51. c7 Rxf4+ 52. Kd3 Rc4 53. Rb8+ Kh7 54. c8=Q Rxc8 55. Rxc8 Kg6 56. Kd4 Ng5 57. Rc7 Nf3+ 58. Ke3 Ng1 59. Bf8 Nxh3 60. Rxg7+ Kh5 61. Rg3 f4+ 62. Ke2 fxg3 63. Bc5 g2 64. Bd4 g1=Q 0-1


[Site "https://www.chess.com"]

[Event "Titled Tuesday Blitz March 01 Late 2022"]
[White "Holt, Conrad"]
[Black "Ibadov, Dashgyn"]
[WhiteFideId "2034387"]
[BlackFideId "24107514"]
[WhiteElo "2586"]
[BlackElo "2084"]
[Result "1/2-1/2"]
[Round "11"]
[TimeControl "180+1"]
[Date "2022.03.01"]
[WhiteClock "0:00:12"]
[BlackClock "0:00:06"]

1. d4 Nf6 2. c4 c5 3. d5 d6 4. Nc3 g6 5. e4 Bg7 6. Be2 O-O 7. Nf3 e6 8. O-O exd5 9. exd5 Bg4 10. Qb3 Nbd7 11. Qxb7 Re8 12. Qb3 Ne4 13. Nxe4 Rxe4 14. Qc2 Qe7 15. Be3 Re8 16. Rae1 Bd4 17. h3 Bxe3 18. hxg4 Bd4 19. Bd3 Rxe1 20. Rxe1 Qd8 21. Rxe8+ Qxe8 22. Qa4 Bxb2 23. Qxa7 Ne5 24. Nxe5 Qxe5 25. Qa5 Bc3 26. Qd8+ Kg7 27. Bf1 Bd4 28. Qh4 Qe1 29. Qg3 Qd2 30. a3 Qa2 31. a4 Be5 32. Qe3 Qxa4 33. g3 Qc2 34. Qe2 Qc3 35. Kg2 h6 36. Qd1 Bd4 37. Bd3 Qb2 38. Qf3 Qd2 39. Be2 Be5 40. Kf1 Qd4 41. Kg2 Kf8 42. Bd3 Ke7 43. Qe2 Kd7 44. Bc2 Kc7 45. f4 Bf6 46. Kh3 Qg1 47. Be4 g5 48. Bg2 gxf4 49. gxf4 Qd4 50. Qc2 Qc3+ 51. Qxc3 Bxc3 52. Kh4 Bd2 53. g5 hxg5+ 54. Kxg5 f6+ 55. Kf5 Bc3 56. Bf3 Bd4 57. Bg4 Bc3 58. Be2 Bd4 59. Bh5 Bc3 60. Be8 Bd4 61. Bb5 Bc3 62. Ke6 Bd4 63. f5 Be5 64. Kf7 Bd4 65. Ke6 Be5 66. Kf7 Bd4 67. Ke6 1/2-1/2


[Site "https://www.chess.com"]

[Event "Titled Tuesday Blitz March 01 Late 2022"]
[White "Hua, Lefong"]
[Black "Gelman, Alexander"]
[WhiteFideId "2602253"]
[BlackFideId "4118316"]
[WhiteElo "2614"]
[BlackElo "2375"]
[Result "0-1"]
[Round "11"]
[TimeControl "180+1"]
[Date "2022.03.01"]
[WhiteClock "0:00:02"]
[BlackClock "0:00:16"]

1. d4 Nf6 2. c4 c5 3. d5 b5 4. cxb5 a6 5. b6 d6 6. Nc3 Nbd7 7. a4 Qxb6 8. a5 Qb7 9. e4 g6 10. f4 e5 11. Nf3 exf4 12. Bxf4 Qxb2 13. Rc1 Nh5 14. Bd2 Qb8 15. Bc4 Bg7 16. O-O O-O 17. Qe2 Ne5 18. Nxe5 Bxe5 19. Na4 Ra7 20. Nb6 Nf6 21. Rb1 Qc7 22. Nxc8 Qxc8 23. Rb6 Re8 24. Bxa6 Qd8 25. Bb5 Bd4+ 26. Kh1 Rxe4 27. Qf3 Kg7 28. Bg5 Rxa5 29. Bc6 h6 30. Qxe4 hxg5 31. Rxf6 Qxf6 32. Rb1 Ra1 33. Rxa1 Bxa1 34. Qd3 Qf2 35. Bb5 Bd4 36. Qf1 Qb2 37. Bc4 g4 38. g3 Qc2 39. Qe2 Qc1+ 40. Qf1 Qe3 41. Bd3 f5 42. Bb1 c4 43. Bc2 c3 44. Bd3 Kf6 45. Bc2 Ke5 46. Bd3 Qd2 47. Be2 c2 0-1


[Site "https://www.chess.com"]

[Event "Titled Tuesday Blitz March 01 Late 2022"]
[White "Indjic, Aleksandar"]
[Black "Gutenev, Alexander"]
[WhiteFideId "911925"]
[BlackFideId "4195540"]
[WhiteElo "2616"]
[BlackElo "2403"]
[Result "1-0"]
[Round "11"]
[TimeControl "180+1"]
[Date "2022.03.01"]
[WhiteClock "0:00:33"]
[BlackClock "0:00:03"]

1. d4 Nf6 2. c4 b6 3. Nf3 Bb7 4. a3 g6 5. Nc3 Bg7 6. d5 O-O 7. e4 e6 8. Bd3 exd5 9. cxd5 c6 10. d6 Na6 11. O-O Nc5 12. Bc2 Ne6 13. h3 c5 14. Re1 Nh5 15. Nd5 Bxd5 16. Qxd5 Nhf4 17. Qd1 c4 18. h4 Rc8 19. g3 Nd3 20. Bxd3 cxd3 21. Qxd3 Nc5 22. Qd5 Qf6 23. Kg2 Ne6 24. Re2 Rc5 25. Qd3 Rfc8 26. Be3 Rc4 27. e5 Qf5 28. Qxf5 gxf5 29. Rd1 f4 30. Bd2 Rc2 31. Rb1 R8c5 32. Kf1 fxg3 33. fxg3 Rd5 34. Bc3 Rxc3 35. bxc3 Rd3 36. Kf2 Rxc3 37. a4 Rxf3+ 38. Kxf3 Nd4+ 39. Kf2 Nxe2 40. Kxe2 Bxe5 41. Kf3 f5 42. Rc1 Kf7 43. Rc7 Ke6 44. Rxa7 Kxd6 45. Ra8 Kd5 46. Rf8 Ke6 47. Ra8 Kd5 48. Ra6 Kc5 49. a5 bxa5 50. Rxa5+ Kd4 51. Ra7 d5 52. Rxh7 Kc3 53. Re7 Bb8 54. h5 d4 55. Re8 Bd6 56. Re6 Bb8 57. Rc6+ Kd2 58. h6 d3 59. h7 Be5 60. Rc5 Ba1 61. Rxf5 Ke1 62. Ra5 Bc3 63. Rh5 Kd1 64. Rh1+ Kc2 65. h8=Q Bxh8 66. Rxh8 1-0


[Site "https://www.chess.com"]

[Event "Titled Tuesday Blitz March 01 Late 2022"]
[White "Iskusnyh, Sergei"]
[Black "Demchenko, Anton"]
[WhiteFideId "4120027"]
[BlackFideId "4160258"]
[WhiteElo "2492"]
[BlackElo "2539"]
[Result "0-1"]
[Round "11"]
[TimeControl "180+1"]
[Date "2022.03.01"]
[WhiteClock "0:00:17"]
[BlackClock "0:00:35"]

1. d4 Nf6 2. c4 d6 3. Nf3 Nbd7 4. Nc3 e5 5. g3 g6 6. Bg2 Bg7 7. O-O O-O 8. e4 exd4 9. Nxd4 Nc5 10. Re1 Re8 11. h3 a5 12. Ndb5 Bd7 13. Bf4 Bxb5 14. cxb5 Nfd7 15. Qc2 h5 16. Rad1 h4 17. g4 Ne6 18. Be3 Be5 19. Nd5 g5 20. Qc1 Rc8 21. Bd2 c6 22. bxc6 Rxc6 23. Qb1 Ndf8 24. Bf1 Ng6 25. Be3 Ngf4 26. b4 a4 27. b5 Rc8 28. Rc1 Rxc1 29. Rxc1 Bd4 30. Nxf4 gxf4 31. Bxd4 Nxd4 32. Qb4 Rxe4 33. Qc3 f3 34. Qc8 Qxc8 35. Rxc8+ Kg7 36. b6 Re1 37. Rc7 Ne2+ 38. Kh2 Rxf1 39. Rxb7 Rxf2+ 40. Kh1 Ng3+ 0-1


[Site "https://www.chess.com"]

[Event "Titled Tuesday Blitz March 01 Late 2022"]
[White "Janaszak, Dawid"]
[Black "Glavina, Pablo"]
[WhiteFideId "1119206"]
[BlackFideId "100234"]
[WhiteElo "2199"]
[BlackElo "2369"]
[Result "1/2-1/2"]
[Round "11"]
[TimeControl "180+1"]
[Date "2022.03.02"]
[WhiteClock "0:01:45"]
[BlackClock "0:02:22"]

1. e4 e5 2. f4 d5 3. exd5 exf4 4. Nf3 Nf6 5. Nc3 Bd6 6. Bb5+ Bd7 7. O-O O-O 8. Bxd7 Nbxd7 9. d4 Nb6 10. Ne5 Nbxd5 11. Qf3 c6 12. Bxf4 Nxf4 13. Qxf4 Nd5 14. Nxd5 Bxe5 15. Qxe5 Qxd5 16. Qxd5 cxd5 17. Rae1 Rfe8 18. Kf2 1/2-1/2


[Site "https://www.chess.com"]

[Event "Titled Tuesday Blitz March 01 Late 2022"]
[White "Jarocka, Liwia"]
[Black "Stanisz, Patryk"]
[WhiteFideId "21807558"]
[BlackFideId "1123106"]
[WhiteElo "1896"]
[BlackElo "1876"]
[Result "1-0"]
[Round "11"]
[TimeControl "180+1"]
[Date "2022.03.02"]
[WhiteClock "0:00:30"]
[BlackClock "0:00:07"]

1. b3 b6 2. Bb2 Bb7 3. Nf3 Nf6 4. g3 g6 5. Bg2 Bg7 6. O-O O-O 7. d4 d5 8. Ne5 Nbd7 9. Nd2 e6 10. c4 Nxe5 11. dxe5 Nd7 12. f4 Qe7 13. Rc1 Rfd8 14. cxd5 Bxd5 15. Bxd5 exd5 16. Rxc7 Qe6 17. Rc1 Nc5 18. Ba3 Rac8 19. Bxc5 bxc5 20. Nf3 f6 21. exf6 Bxf6 22. Qd3 Kg7 23. e3 Re8 24. Rfe1 Red8 25. Kg2 h6 26. Rc2 a5 27. Ree2 Qc6 28. e4 d4 29. Ne1 a4 30. Qf3 axb3 31. axb3 Qb5 32. Red2 Be7 33. e5 Rb8 34. Nd3 Qxb3 35. Nxc5 Bxc5 36. Qxb3 Rxb3 37. Rxc5 d3 38. Rc7+ Kg8 39. Kf3 Rb1 40. Rc3 Rf1+ 41. Kg2 Re1 42. Rcxd3 Rb8 43. Rd8+ Rxd8 44. Rxd8+ Kf7 45. Rd7+ Kf8 46. Rd6 Kf7 47. Rf6+ Kg7 48. Rb6 h5 49. Kh3 Re2 50. Ra6 Kf7 51. Ra7+ Ke6 52. Rg7 Kf5 53. Rf7+ Ke4 54. e6 Kf3 55. Rf6 Kf2 56. Rxg6 Kg1 57. Kh4 Rxh2+ 58. Kg5 Kf2 59. Kf6 Kf3 60. f5 Re2 61. e7 h4 62. gxh4 Kf4 63. Rg8 Rxe7 64. Kxe7 Kxf5 65. h5 1-0


[Site "https://www.chess.com"]